 Dungeon Crawl Stone Soup version 0.20-a0-1117-g62da73f (webtiles) character file.

14490 grindst0ne the Blocker (level 11, -13/90 HPs)
             Began as a Minotaur Berserker on May 9, 2017.
             Was a High Priest of Trog.
             Mangled by a two-headed ogre
             ... wielding a +0 giant club
              (16 damage)
             ... on level 11 of the Dungeon.
             The game lasted 00:31:21 (9750 turns).

grindst0ne the Blocker (Minotaur Berserker)         Turns: 9750, Time: 00:31:21

Health: -13/90     AC: 13    Str: 22    XL:     11   Next: 89%
Magic:  10/10      EV: 11    Int:  4    God:    Trog [*****.]
Gold:   362        SH: 10    Dex: 17    Spells: 10/10 levels left

rFire    + . .     SeeInvis .   f - +2 double sword (distort)
rCold    + . .     Gourm    .   N - +2 buckler
rNeg     . . .     Faith    .   J - +2 scale mail {rF+}
rPois    .         Spirit   .   b - +0 hat
rElec    .         Reflect  .   (no cloak)
rCorr    .         Harm     .   E - +0 pair of gloves
MR       .....                  u - +0 pair of boots
Stlth    +.........             (no amulet)
Regen    0.3/turn               L - ring of protection from cold
MPRegen  0.2/turn               e - +4 ring of dexterity

@: about to teleport
A: retaliatory headbutt, horns 2, blurry vision 2, frail 1, mutation resistance
1
a: Berserk, Trog's Hand, Brothers in Arms, Burn Spellbooks, Renounce Religion


You were on level 11 of the Dungeon.
You worshipped Trog.
Trog was extremely pleased with you.
You were near starving.

You visited 1 branch of the dungeon, and saw 11 of its levels.

You collected 572 gold pieces.
You spent 210 gold pieces at shops.

Inventory:

Hand Weapons
 a - a +0 hand axe
 f - a +2 double sword of distortion (weapon)
 O - a +1 eveningstar
Missiles
 l - 4 throwing nets (quivered)
Armour
 b - a +0 hat (worn)
 u - a +0 pair of boots (worn)
 y - a +3 ring mail of magic resistance
 A - a +0 large shield
 E - a +0 pair of gloves (worn)
 F - the +1 plate armour of the Solstice {rPois rC+ Stlth+}
   (You found it on level 8 of the Dungeon)

   It protects you from cold.
   It protects you from poison.
   It makes you more stealthy.
 J - a +2 scale mail of fire resistance (worn)
 N - a +2 buckler (worn)
Jewellery
 e - a +4 ring of dexterity (right hand)
 s - an uncursed ring of ice
 v - an uncursed amulet of the gourmand
 x - a +3 ring of dexterity
 B - an uncursed ring of resist corrosion
 L - a ring of protection from cold (left hand)
Wands
 m - a wand of clouds (8/9)
 r - a wand of lightning (10/15)
 G - a wand of random effects (20/48)
 H - a wand of iceblast (9/15)
 I - a wand of flame (21/48)
Scrolls
 g - a scroll of fog
 h - 5 scrolls of teleportation
 j - 2 scrolls of fear
 k - 5 scrolls of identify
 C - a scroll of enchant armour
 K - 2 scrolls of remove curse
Potions
 n - 2 potions of agility
 o - 2 potions of flight
 p - 4 potions of heal wounds
 q - 5 potions of curing
 w - 3 potions of might
 D - a potion of brilliance
Books
 d - a book of Air

   Spells                             Type                      Level
   a - Shock                          Conjuration/Air              1
   b - Swiftness                      Charms/Air                   2
   c - Static Discharge               Conjuration/Air              3
   d - Airstrike                      Air                          4
   e - Lightning Bolt                 Conjuration/Air              5
   Trog disapproves of the use of such an item.
Comestibles
 c - 8 bread rations
 i - 9 meat rations
 t - 5 royal jellies
 z - 7 fruits


   Skills:
 - Level 10.8 Fighting
 - Level 10.9 Axes
 * Level 10.6 Armour
 - Level 2.1 Dodging
 - Level 1.9 Stealth
 * Level 13.9 Shields


You had 10 spell levels left.
You didn't know any spells.

Dungeon Overview and Level Annotations

Branches:
Dungeon (11/15)            Temple (0/1) D:7            Lair (0/6) D:11
    Orc (0/2) D:11

Altars:
Cheibriados
Gozag
Hepliaklqana
Makhleb
Nemelex Xobeh
Sif Muna
Zin

Shops:
D:5 !   D:10 [


Innate Abilities, Weirdness & Mutations

You reflexively headbutt those who attack you in melee.
You have a pair of horns on your head.
Scrolls take you longer to read.
You are frail. (-10% HP)
You are somewhat resistant to further mutation.


Message History

A scorpion comes into view.
The two-headed ogre hits you with a giant club!
The two-headed ogre hits you with a giant club!!
Really read with blurry vision while enemies are nearby? [Y]es or [N]o only, please.
Really read with blurry vision while enemies are nearby? [Y]es or [N]o only, please.
Really read with blurry vision while enemies are nearby? [Y]es or [N]o only, please.
Really read with blurry vision while enemies are nearby?
The two-headed ogre hits you with a giant club!
* * * LOW HITPOINT WARNING * * *
You block the two-headed ogre's attack.
You begin reading the scroll.
You continue reading the scroll.
As you read the scroll of teleportation, it crumbles to dust.
You feel strangely unstable.
The two-headed ogre hits you with a giant club!!
* * * LOW HITPOINT WARNING * * *
The two-headed ogre hits you with a giant club!
You die...

###......##....##..†........#
#.........................#
#..........................
#.##......................#
#. #....................... .
#..................>....
........................
.......................
.........O@............
......s................
...............#(......
........§.............#
.[..................###
...........>..#######
............### #############


You could see a two-headed ogre and a scorpion.

Vanquished Creatures
  4 two-headed ogres
  4 death yaks (D:11)
  Pikel (D:6)
  The ghost of MydosGodOfBeginnings the Changer, a novice DgTm (D:7)
  Psyche (D:8)
  A troll (D:10)
  Prince Ribbit (D:7)
  A hornet (D:8)
  3 hippogriffs
  4 yaks (D:10)
  A wyvern (D:9)
  4 hogs (D:7)
  Grum (D:8)
  A human (D:7)
  2 hungry ghosts
  2 water moccasins (D:9)
  2 orc warriors
  A hornet zombie (D:8)
  An ice beast (D:7)
  2 sky beasts
  4 black bears
  3 phantoms
  2 slaves (D:6)
  2 ogres
  4 wolves (D:8)
  4 centaurs
  A crocodile (D:11)
  A wyvern zombie (D:10)
  7 bullfrogs
  A gnoll sergeant (D:9)
  A scorpion (D:8)
  17 killer bees
  9 wights
  A howler monkey (D:9)
  2 electric eels (D:11)
  A bullfrog zombie (D:11)
  5 crimson imps
  2 quasits
  A centaur zombie (D:10)
  6 hounds
  4 orc wizards
  An orc priest (D:9)
  A centaur skeleton (D:8)
  An iguana (D:6)
  3 bullfrog skeletons
  Natasha (thrice) (D:4)
  5 worker ants
  A killer bee zombie (D:8)
  2 hound zombies
  A worker ant zombie (D:5)
  A howler monkey skeleton (D:6)
  11 gnolls
  6 adders
  3 shadow imps
  3 adder zombies
  An adder skeleton (D:9)
  2 worms
  2 leopard geckos
  24 orcs
  A ball python (D:4)
  6 bats
  7 giant cockroaches
  6 goblins
  A hobgoblin (D:1)
  9 jackals
  8 kobolds
  5 quokkas
  4 frilled lizards
  6 rats
240 creatures vanquished.

Notes
Turn   | Place    | Note
-------+----------+-------------------------------------------
     0 | D:1      | grindst0ne the Minotaur Berserker began the quest for the Orb.
     0 | D:1      | Reached XP level 1. HP: 19/19 MP: 0/0
   167 | D:1      | Reached XP level 2. HP: 27/27 MP: 1/1
   708 | D:2      | Reached XP level 3. HP: 34/34 MP: 2/2
   796 | D:2      | Reached XP level 4. HP: 40/41 MP: 3/3
   963 | D:2      | Found an opulent altar of Gozag.
  1059 | D:2      | Reached skill level 5 in Axes
  1130 | D:2      | Reached ** piety under Trog
  1278 | D:2      | Reached skill level 5 in Fighting
  1511 | D:3      | Noticed a sky beast
  1521 | D:3      | Killed a sky beast
  1521 | D:3      | Reached XP level 5. HP: 48/48 MP: 4/4
  1526 | D:3      | Gained mutation: Scrolls take you a little longer to read. [mutagenic meat]
  1527 | D:3      | Gained mutation: Scrolls take you longer to read. [mutagenic meat]
  1528 | D:3      | Gained mutation: You are frail. (-10% HP) [mutagenic meat]
  1529 | D:3      | Gained mutation: You are somewhat resistant to further mutation. [mutagenic meat]
  1864 | D:3      | Found a deep blue altar of Sif Muna.
  1989 | D:4      | Got a colourful robe
  2000 | D:4      | Identified the +1 robe "Huodwol" {Int+4} (You found it on level 4 of the Dungeon)
  2274 | D:4      | Noticed Natasha
  2280 | D:4      | Killed Natasha
  2280 | D:4      | Reached XP level 6. HP: 51/51 MP: 5/5
  2368 | D:4      | Reached skill level 1 in Stealth
  2368 | D:4      | Reached skill level 1 in Shields
  2488 | D:4      | Noticed Natasha
  2494 | D:4      | Killed Natasha
  2656 | D:4      | Noticed Natasha
  2661 | D:4      | Killed Natasha
  2682 | D:5      | Entered Level 5 of the Dungeon
  2697 | D:5      | Found a glowing silver altar of Zin.
  2846 | D:5      | Found Meulez's Distillery.
  2850 | D:5      | Bought 2 potions of heal wounds for 150 gold pieces
  2850 | D:5      | Bought a potion of might for 60 gold pieces
  3305 | D:5      | Noticed a two-headed ogre
  3315 | D:5      | Killed a two-headed ogre
  3315 | D:5      | Reached skill level 2 in Shields
  3315 | D:5      | Reached XP level 7. HP: 21/59 MP: 6/6
  3315 | D:5      | Reached XP level 8. HP: 23/65 MP: 7/7
  4016 | D:6      | Reached *** piety under Trog
  4165 | D:6      | Noticed Pikel
  4175 | D:6      | Killed Pikel
  4175 | D:6      | Reached skill level 10 in Axes
  4175 | D:6      | Reached skill level 4 in Shields
  4420 | D:6      | Reached skill level 5 in Shields
  4627 | D:6      | Reached XP level 9. HP: 64/74 MP: 8/8
  4931 | D:7      | Found a burning altar of Makhleb.
  4973 | D:7      | Noticed Prince Ribbit
  5000 | D:7      | Killed Prince Ribbit
  5010 | D:7      | Reached skill level 6 in Shields
  5149 | D:7      | Noticed MydosGodOfBeginnings's ghost (novice DgTm)
  5157 | D:7      | Killed MydosGodOfBeginnings's ghost
  5402 | D:7      | Reached skill level 10 in Fighting
  5402 | D:7      | Reached skill level 7 in Shields
  5748 | D:7      | Reached skill level 8 in Shields
  5841 | D:7      | Found a staircase to the Ecumenical Temple.
  5948 | D:8      | Found a sparkling altar of Nemelex Xobeh.
  6049 | D:8      | Got a bloodstained plate armour
  6060 | D:8      | Identified the +1 plate armour of the Solstice {rPois rC+ Stlth+} (You found it on level 8 of the Dungeon)
  6110 | D:8      | Reached XP level 10. HP: 84/84 MP: 9/9
  6167 | D:8      | Noticed Psyche
  6171 | D:8      | Noticed a two-headed ogre
  6175 | D:8      | Killed Psyche
  6175 | D:8      | Reached skill level 9 in Shields
  6184 | D:8      | Killed a two-headed ogre
  6429 | D:8      | Found a hazy altar of Hepliaklqana.
  6452 | D:8      | Reached **** piety under Trog
  6452 | D:8      | Reached skill level 10 in Shields
  6843 | D:8      | Reached skill level 5 in Armour
  6855 | D:8      | Noticed Grum
  6864 | D:8      | Killed Grum
  6876 | D:8      | Reached skill level 11 in Shields
  6965 | D:8      | Noticed a two-headed ogre
  6972 | D:8      | Killed a two-headed ogre
  7153 | D:9      | Noticed a two-headed ogre
  7172 | D:9      | Killed a two-headed ogre
  7172 | D:9      | Reached skill level 12 in Shields
  7172 | D:9      | Reached XP level 11. HP: 73/90 MP: 10/10
  7906 | D:9      | Found a snail-covered altar of Cheibriados.
  8060 | D:9      | Reached ***** piety under Trog
  8369 | D:10     | Entered Level 10 of the Dungeon
  8494 | D:10     | You fall through a shaft!
  8549 | D:11     | Found a staircase to the Orcish Mines.
  8786 | D:10     | Reached skill level 13 in Shields
  8796 | D:10     | Received a gift from Trog
  8971 | D:10     | Found Omulups's Armour Shoppe.
  9623 | D:11     | Noticed a death yak
  9625 | D:11     | Noticed a death yak
  9625 | D:11     | Noticed a death yak
  9625 | D:11     | Found a staircase to the Lair.
  9626 | D:11     | Noticed a death yak
  9631 | D:11     | Killed a death yak
  9633 | D:11     | Killed a death yak
  9633 | D:11     | Reached skill level 10 in Armour
  9638 | D:11     | Killed a death yak
  9641 | D:11     | Killed a death yak
  9741 | D:11     | Noticed a two-headed ogre
  9750 | D:11     | HP: 3/90 [two-headed ogre/giant club (23)]
  9750 | D:11     | Mangled by a two-headed ogre

Vault maps used:
D:1:      sevenhm_arrival_forest_fort_small_6, solitary_fountain,
          minmay_pentomino_o4
D:2:      grunt_gozag_breadcrumbs, first_bread
D:3:      led_sif_pool
D:4:      uniq_natasha
D:5:      cheibrodos_iron_armory, zin_academy, serial_shops,
          kennysheep_mini_moat, minmay_misc_feat_four_crosses
D:6:      uniq_pikel
D:7:      bloody_makhleb, minmay_temple_entry_nine_rooms, grunt_livestock,
          minmay_small_thing, uniq_prince_ribbit1
D:8:      nicolae_overflow_crystal_walls, overflow_temple_1_default, uniq_grum,
          uniq_psyche
D:9:      old_standard_altar
D:10:     serial_shops, shop_fountains, serial_bayou_pond_c
D:11:     dpeg_lair_monsters, orc_0_dummy, grunt_ministairs_1

Skill      XL: |  1  2  3  4  5  6  7  8  9 10 11 |
---------------+----------------------------------+-----
Fighting       | 4 5 7 9 10 | 10.8
Axes           | 4 6 9 10 | 10.9
Stealth        | 1 |  1.9
Shields        | 2 5 8 12 13 | 13.9
Armour         | 7 10 | 10.6
Dodging        | |  2.1

Action                   |  1- 3 |  4- 6 |  7- 9 | 10-12 || total
-------------------------+-------+-------+-------+-------++-------
Melee: Hand axe          |    50 |   121 |   156 |    48 ||   375
       Headbutt          |    10 |    24 |    39 |    82 ||   155
       War axe           |       |       |       |    40 ||    40
       Eveningstar       |       |       |       |   171 ||   171
       Double sword      |       |       |       |    54 ||    54
Invok: Berserk           |     1 |     6 |     6 |    14 ||    27
       Burn Spellbooks   |       |       |       |     2 ||     2
  Use: Scroll            |       |    10 |     6 |     8 ||    24
       Potion            |       |     1 |       |       ||     1
 Stab: Distracted        |       |       |       |     1 ||     1
       Sleeping          |       |       |       |     1 ||     1
  Eat: Chunk             |       |    18 |    19 |    26 ||    63
Armor: Scale mail        |    27 |    28 |       |    66 ||   121
       Ring mail         |       |     6 |    37 |    75 ||   118
Dodge: Dodged            |    24 |    65 |    62 |   213 ||   364
Block: Buckler           |       |    14 |    33 |   175 ||   222
       Rpst.: Double sword |       |       |       |     5 ||     5
